 Dungeon Crawl Stone Soup version 0.20.1-1-g8b1a95d (webtiles) character file.

36 Irenicus the Insei (level 3, -4/26 HPs)
             Began as an Octopode Chaos Knight on Oct 13, 2017.
             Slain by Natasha (9 damage)
             ... on level 2 of the Dungeon.
             The game lasted 00:01:53 (810 turns).

Irenicus the Insei (Octopode Chaos Knight)           Turns: 810, Time: 00:01:54

Health: -4/26      AC:  1    Str: 11    XL:     3   Next: 37%
Magic:  12/12      EV: 13    Int: 14    God:    Xom [..*...]
Gold:   65         SH:  0    Dex: 12    Spells: 2/2 levels left

rFire    . . .     SeeInvis .     - Unarmed
rCold    . . .     Gourm    .   (no shield)
rNeg     . . .     Faith    .   (helmet restricted)
rPois    .         Spirit   .   (no amulet)
rElec    .         Reflect  .   b - ring of loudness (curse)
rCorr    .         Harm     .   k - ring of magical power
MR       .....                  m - ring of stealth
Stlth    ++........             (no ring)
Regen    0.1/turn               (no ring)
MPRegen  0.2/turn               (no ring)
                                (no ring)
                                (no ring)

@: no status effects
A: almost no armour, stealthy swim, amphibious, 8 rings, constrict 8, camouflage
1, gelatinous body 1
a: Renounce Religion


You were on level 2 of the Dungeon.
You worshipped Xom.
You were a toy of Xom.
You were not hungry.

You visited 1 branch of the dungeon, and saw 2 of its levels.

You collected 65 gold pieces.

Inventory:

Jewellery
 b - a cursed ring of loudness (left tentacle)
 k - a ring of magical power (right tentacle)
 m - a ring of stealth (on tentacle)
Scrolls
 f - 5 scrolls of identify {unknown}
 g - a scroll of magic mapping {unknown}
 h - a scroll of enchant weapon {unknown}
 i - a scroll of fog {unknown}
Potions
 d - a potion of haste {unknown}
 e - a potion of curing {unknown}
 l - a potion of degeneration {unknown}
 n - a potion of invisibility {unknown}
Comestibles
 a - 2 bread rations
 c - a meat ration
 j - a fruit


   Skills:
 - Level 3.0 Fighting
 - Level 2.3 Dodging
 + Level 0.4 Stealth
 + Level 4.3 Unarmed Combat


You had 2 spell levels left.
You didn't know any spells.

Dungeon Overview and Level Annotations

Branches:
Dungeon (2/15)

Altars:

Annotations:
D:2 Natasha


Innate Abilities, Weirdness & Mutations

You cannot wear most types of armour.
You are very stealthy in the water. (Stealth+)
You are amphibious.
You can wear up to eight rings at the same time.
You can use your tentacles to constrict eight enemies at once.
Your skin changes colour to match your surroundings (Stealth+).
Your rubbery body absorbs attacks. (AC +1, EV +1)


Message History

Natasha is moderately wounded.
Natasha wildly gestures.
Natasha's front paws start to glow.
Natasha claws you!
You tentacle-slap Natasha but do no damage.
You grab Natasha.
Natasha is moderately wounded.
You constrict Natasha, but do no damage.
Natasha claws you.
You barely miss Natasha.
Natasha is moderately wounded.
You constrict Natasha. Natasha claws you.
* * * LOW HITPOINT WARNING * * *
You tentacle-slap Natasha.
Natasha is severely wounded.
You constrict Natasha. Natasha barely misses you.
You barely miss Natasha.
Natasha is severely wounded.
You constrict Natasha. Natasha claws you!
You die...

#####
#.########.##.
.#..........#..
###.#.###..###.##.
#.h.#.# #..# #.#..
#@###.# #..# #.#..
#.....# #..# #.#..
#.#.#####..# #.#..
#.#....).(.###.##.
#.######.....#.##.
..# #.#.#.#.##.
.........#.#.#.##.
..#########.#
#.#.. .. .# #....


You could see Natasha.

Vanquished Creatures
  2 oozes
  2 bats (D:1)
  A giant cockroach (D:1)
  A hobgoblin (D:1)
  8 jackals (D:1)
  A ball python (D:1)
  A frilled lizard (D:1)
  4 goblins
  3 kobolds (D:1)
  2 rats (D:1)
25 creatures vanquished.

Notes
Turn   | Place    | Note
-------+----------+-------------------------------------------
     0 | D:1      | Irenicus the Octopode Chaos Knight began the quest for the Orb.
     0 | D:1      | Reached XP level 1. HP: 16/16 MP: 1/1
    19 | D:1      | XOM: harmless Summ miscast
    26 | D:1      | Reached XP level 2. HP: 18/21 MP: 2/2
    52 | D:1      | HP: 1/21 [jackal (2)]
   285 | D:1      | XOM: mild Air miscast
   537 | D:1      | Reached skill level 4 in Unarmed Combat
   537 | D:1      | Reached XP level 3. HP: 23/26 MP: 3/3
   805 | D:2      | Noticed Natasha
   810 | D:2      | Slain by Natasha

Skill      XL: |  1  2 |
---------------+-------+-----
Unarmed Combat | 4 |  4.3
Fighting       | |  3.0
Dodging        | |  2.3
Stealth        | |  0.4

Action                   || total
-------------------------++-------
Melee: Unarmed           ||    66
       Constrict         ||    17
       Tentacles         ||     8
       Punch             ||     1
 Stab: Sleeping          ||     4
Armor: Skin              ||     4
Dodge: Dodged            ||    52
